 Dungeon Crawl Stone Soup version 0.32-a0-132-g2d33c3cfaf (webtiles) character file.

Game seed: 15724980317678652258

48 Ge0ff the Poker (level 3, -4/29 HPs)
             Began as a Mummy Chaos Knight on Feb 9, 2024.
             Killed from afar by a ynoxinul (16 damage)
             ... with an iron shot
             ... summoned by Xom
             ... on level 2 of the Dungeon.
             The game lasted 00:03:09 (1268 turns).

Ge0ff the Poker (Mummy Chaos Knight)                Turns: 1268, Time: 00:03:09

Health: -4/29      AC:  6    Str: 17    XL:     3   Next: 50%
Magic:  3/3        EV: 10    Int: 11    God:
Gold:   67         SH:  3    Dex: 11    Spells: 2/2 levels left

rFire   x . .        a - +0 spear (chaos)
rCold   + . .        R - +0 buckler
rNeg    + + +        b - +2 leather armour
rPois   ∞            (no helmet)
rElec   .            (no cloak)
rCorr   .            (no gloves)
SInv    .            U - +0 pair of boots
Will    .....        (no amulet)
Stlth   +            (no ring)
HPRegen 0.24/turn    (no ring)
MPRegen 0.08/turn

%: faith
@: no status effects
A: cold resistance 1, negative energy resistance 3, torment resistance 2, heat
vulnerability 1, in touch with death 1, no potions, faith
a: no special abilities


You were on level 2 of the Dungeon.
You visited 1 branch of the dungeon, and saw 2 of its levels.

You collected 67 gold pieces.

Inventory:

Hand Weapons
 a - a +0 spear of chaos (weapon)
 Y - a +2 dagger of venom
Missiles
 S - 17 stones
 T - 2 javelins (quivered)
Armour
 b - a +2 leather armour (worn)
 R - a +0 buckler (worn)
 U - a +0 pair of boots (worn)
Jewellery
 Z - an amulet of guardian spirit
Scrolls
 V - a scroll of vulnerability
 W - a scroll of torment
 X - 2 scrolls of amnesia


   Skills:
 - Level 3.0 Fighting
 + Level 3.8 Polearms
 - Level 1.5 Armour
 - Level 0.7 Dodging
 + Level 0.0 Shields


You had 2 spell levels left.
You didn't know any spells.
Your spell library contained the following spells:

 Spells                   Type           Power      Damage    Failure   Level
 Summon Small Mammal      Summ           0%         N/A       50%         1
 Mercury Vapours          Alch/Air       0%         N/A       65%         2
 Call Canine Familiar     Summ           0%         N/A       86%         3
 Gell's Gravitas          Tloc           0%         N/A       86%         3
 Mephitic Cloud           Conj/Alch/Air  0%         N/A       86%         3
 Sigil of Binding         Hex            0%         N/A       86%         3
 Teleport Other           Tloc           0%         N/A       86%         3
 Dimensional Bullseye     Hex/Tloc       0%         N/A       99%         4
 Freezing Cloud           Conj/Ice/Air   0%         6-21      100%        5
 Dispersal                Tloc           0%         N/A       100%        6


Dungeon Overview and Level Annotations

Branches:
Dungeon (2/15) Zot: 10737

Altars:


Innate Abilities, Weirdness & Mutations

You are immune to poison.
Your flesh is cold resistant. (rC+)
You are immune to negative energy. (rN+++)
You are immune to unholy pain and torment.
You are vulnerable to heat. (rF-)
You are in touch with the powers of death.
You do not drink.
You have a special connection with the divine. (Faith)


Message History

You continue putting on your +0 buckler. x4
You finish putting on your +0 buckler.
Found a stone staircase leading down.
You hear Xom's maniacal laughter.
Okay, then.
You can't drink.
Unknown command.
You hit the quasit.
The quasit seems to grow stronger.
The quasit is lightly wounded.
You hit the quasit but do no damage.
The quasit is lightly wounded.
The quasit barely misses you. The quasit completely misses you.
The quasit claws you but does no damage.
You hit the quasit.
The quasit is moderately wounded.
The ynoxinul gestures.
The white imp closely misses you.
You closely miss the ynoxinul. You completely miss the ynoxinul.
The ynoxinul closely misses you.
You puncture the ynoxinul!
The ynoxinul is moderately wounded.
The ynoxinul hits you. The ynoxinul closely misses you.
You hit the ynoxinul but do no damage.
The ynoxinul seems to grow stronger.
The ynoxinul is moderately wounded.
You block the ynoxinul's attack.
The ynoxinul gestures.
You hit the ynoxinul.
The ynoxinul seems to slow down.
The ynoxinul is moderately wounded.
The ynoxinul hits you. The ynoxinul barely misses you.
You hit the ynoxinul.
The ynoxinul's magic leaks into the air.
The ynoxinul is heavily wounded.
The ynoxinul hits you. x2
You hit the ynoxinul.
The acid corrodes the ynoxinul!
The ynoxinul is heavily wounded.
The ynoxinul is no longer moving slowly.
The ynoxinul gestures at you. The iron shot misses you.
You hit the ynoxinul. You freeze the ynoxinul.
The ynoxinul is severely wounded.
The ynoxinul's magic is no longer disrupted.
The ynoxinul hits you but does no damage.
The ynoxinul closely misses you.
You hit the ynoxinul.
The ynoxinul convulses.
You kill the ynoxinul!
The ynoxinul disappears in a puff of smoke!
The ynoxinul gestures at you. The iron shot hits you!
Ouch! That really hurt!
You die...

.........### #.#
#.......#########.#
##.##.##...........#
...##.##...........#
...##.##........>..#
#####.##...........#
#.######..####.# #.#
#..####5# #.# #...#@35#
##.#######.5#5###
#........#..55# #.
#........#...##
#.##........##..#
#..#........##..#
................#
................####
..........>........####


You could see a ynoxinul (summoned), a quasit (summoned, strong), 3 white imps
and an ufetubus (summoned).

Vanquished Creatures
  4 ball pythons (D:2)
  4 endoplasms
  3 giant cockroaches (D:1)
  7 goblins
  2 hobgoblins
  8 kobolds
  6 bats (D:1)
  A frilled lizard (D:2)
  8 rats
43 creatures vanquished.

Notes
Turn   | Place    | Note
-------+----------+-------------------------------------------
     0 | D:1      | Ge0ff the Mummy Chaos Knight began the quest for the Orb.
     0 | D:1      | Reached XP level 1. HP: 18/18 MP: 1/1
    13 | D:1      | Fell from the grace of Xom
    81 | D:1      | Found a faded altar of an unknown god.
   106 | D:1      | Got Plato's Precepts of Sidekicks
   116 | D:1      | Reached XP level 2. HP: 24/24 MP: 2/2
   238 | D:1      | XOM: summons 11 hostile demons
   239 | D:1      | Noticed a crimson imp
   239 | D:1      | Noticed a crimson imp
   239 | D:1      | Noticed a chaos spawn
   239 | D:1      | Noticed a chaos spawn
   248 | D:1      | XOM: noise
   420 | D:1      | Reached XP level 3. HP: 27/29 MP: 3/3
   588 | D:1      | XOM: noise
  1256 | D:2      | XOM: summons 6 hostile demons
  1257 | D:2      | Noticed a ynoxinul
  1257 | D:2      | Noticed a ynoxinul
  1268 | D:2      | Killed from afar by a ynoxinul

Illustrated notes

Levels and vault maps discovered:
D:1:      dpeg_arrival_subterranean_lakeside_camping, layout_basic,
          shapermc_ecumenical_altar_rom_forum
D:2:      layout_rooms

Skill      XL: |  1  2 |
---------------+-------+-----
Polearms       | 3 |  3.8
Fighting       | |  3.0
Armour         | |  1.5
Dodging        | |  0.7

Action                     || total
---------------------------++-------
  Melee: Spear             ||   135
         Punch             ||     3
  Throw: Javelin           ||     1
 Invoke: Renounce Religion ||     1
    Use: Scroll            ||     4
 Armour: Leather armour    ||    77
  Dodge: Dodged            ||    58
  Block: Buckler           ||     1

Table legend: (Time is in decaauts)
 A = Elapsed time spent in this place.
 B = Non-inter-level travel time spent in this place.
 C = Inter-level travel time spent in this place.
 D = Time resting spent in this place.
 E = Time spent auto-exploring this place.
 F = Levels seen in this place.
 G = Mean time per level.
                   A        B        C        D        E       F      G
               +--------+--------+--------+--------+--------+-----+--------+
         Total |   1261 |   1217 |     44 |     67 |    750 |   2 |  630.5 |
       Dungeon |   1261 |   1217 |     44 |     67 |    750 |   2 |  630.5 |
               +--------+--------+--------+--------+--------+-----+--------+

Top non-repeatable levels by time:
     D:1: 883 daAuts
     D:2: 377 daAuts
